 Dungeon Crawl Stone Soup version 0.19.4 (webtiles) character file.

86 vatarom the Insei (level 4, 0/25 HPs)
             Began as an Octopode Transmuter on Feb 2, 2017.
             Slain by a quokka (4 damage)
             ... on level 3 of the Dungeon.
             The game lasted 00:03:56 (2487 turns).

vatarom the Insei (Octopode Transmuter)             Turns: 2487, Time: 00:03:57

Health: 0/25       AC:  1    Str:  9    XL:     4   Next: 49%
Magic:  1/7        EV: 13    Int: 15    God:
Gold:   114        SH:  0    Dex: 13    Spells: 3 memorised, 2 levels left

rFire  . . .     SeeInvis .       - Unarmed
rCold  . . .     Gourm    .     (no shield)
rNeg   . . .     Faith    .     g - +0 hat
rPois  .         Spirit   .     (no amulet)
rElec  .         Reflect  .     (no ring)
rCorr  .         Harm     .     (no ring)
MR     .....                    (no ring)
Stlth  ++........               (no ring)
                                (no ring)
                                (no ring)
                                (no ring)
                                (no ring)

@: no status effects
A: almost no armour, stealthy swim, amphibious, 8 rings, constrict 8, tentacle
spike 1, camouflage 1, frail 1, gelatinous body 1
a: no special abilities


You were on level 3 of the Dungeon.
You were not hungry.

You visited 1 branch of the dungeon, and saw 3 of its levels.

You collected 114 gold pieces.

Inventory:

Missiles
 a - 18 arrows
 d - 2 throwing nets (quivered)
Armour
 g - a +0 hat (worn)
Jewellery
 j - an uncursed amulet of rage {unknown}
Scrolls
 e - 3 scrolls of identify
Potions
 f - a potion of lignification {unknown}
 i - 2 potions of brilliance {unknown}
Books
 b - a book of Changes

   Spells                             Type                      Level
   a - Beastly Appendage              Transmutation                1
   b - Sticks to Snakes               Transmutation                2
   c - Spider Form                    Transmutation/Poison         3
   d - Ice Form                       Ice/Transmutation            4
   e - Blade Hands                    Transmutation                5
Comestibles
 c - 3 bread rations
 h - a meat ration


   Skills:
 - Level 1.0 Fighting
 - Level 2.0 Dodging
 * Level 4.1 Unarmed Combat
 + Level 2.6 Spellcasting
 + Level 3.0 Transmutations


You had 2 spell levels left.
You knew the following spells:

 Your Spells              Type           Power        Failure   Level  Hunger
a - Beastly Appendage     Tmut           ##....       8%          1    #......
b - Sticks to Snakes      Tmut           ##......     12%         2    ###....
c - Spider Form           Tmut/Pois      #.........   34%         3    ###....


Dungeon Overview and Level Annotations

Branches:
Dungeon (3/15)

Altars:


Innate Abilities, Weirdness & Mutations

You cannot wear most types of armour.
You are very stealthy in the water. (Stealth+)
You are amphibious.
You can wear up to eight rings at the same time.
You can use your tentacles to constrict eight enemies at once.
Your skin changes colour to match your surroundings (Stealth+).
Your rubbery body absorbs attacks. (AC +1, EV +1)
One of your tentacles bears a spike.
You are frail. (-10% HP)


Message History

The orc hits you from afar with a trident.
The quokka misses you.
You tentacle-slap the quokka. You grab the quokka.
You pierce the quokka, but do no damage.
The quokka is severely wounded.
You constrict the quokka, but do no damage.
The quokka barely misses you. The orc barely misses you. The quokka bites you.
* * * LOW HITPOINT WARNING * * *
You tentacle-slap the quokka but do no damage.
The quokka is severely wounded.
You constrict the quokka. The orc hits you but does no damage.
The quokka barely misses you.
The orc wizard gestures wildly while chanting.
The orc wizard blinks!
Unknown command.
You release your grip on the quokka.
You see here a leather armour.
Your magical contamination has completely faded away.
The quokka bites you.
You die...

. #...##.8.
.##########.......8 8..
..............##... ...
#.....................
#.......>..o..##..#..#
#.........oo...?... . #
##'########ยง###...#.##.#
#.# #o#...#.#....## #.#
#.#...@........ #.#
#.#####r#..... #.#
#ooo.o[.# ... #.#
######### . #.# #.#
##'##########
#...........#
#..........<#


You could see a quokka.

Vanquished Creatures
  A howler monkey zombie (D:3)
  2 adders (D:2)
  A worm (D:2)
  2 dart slugs
  2 leopard geckos (D:2)
  2 bats (D:1)
  3 giant cockroaches
  8 goblins
  5 hobgoblins
  2 jackals (D:1)
  2 quokkas
  A ball python (D:2)
  2 frilled lizards (D:2)
  5 kobolds
  6 rats
44 creatures vanquished.

Vanquished Creatures (collateral kills)
  A worm (D:1)
  A dart slug (D:2)
  A hobgoblin (D:2)
3 creatures vanquished.

Grand Total: 47 creatures vanquished

Notes
Turn   | Place    | Note
-------+----------+-------------------------------------------
     0 | D:1      | vatarom the Octopode Transmuter began the quest for the Orb.
     0 | D:1      | Reached XP level 1. HP: 13/13 MP: 3/3
   172 | D:1      | Reached XP level 2. HP: 15/18 MP: 5/5
   225 | D:1      | Learned a level 2 spell: Sticks to Snakes
   438 | D:1      | Gained mutation: One of your tentacles bears a spike. [potion of mutation]
   438 | D:1      | Gained mutation: You are frail. (-10% HP) [potion of mutation]
   672 | D:1      | Reached XP level 3. HP: 16/20 MP: 6/6
  1495 | D:2      | Learned a level 3 spell: Spider Form
  1591 | D:2      | Reached XP level 4. HP: 7/25 MP: 7/7
  2004 | D:2      | Reached skill level 4 in Unarmed Combat
  2487 | D:3      | Slain by a quokka

Skill      XL: |  1  2  3  4 |
---------------+-------------+-----
Unarmed Combat | 4 |  4.1
Transmutations | 3 |  3.0
Fighting       | |  1.0
Dodging        | |  2.0
Spellcasting   | |  2.6

Action                   |  1- 3 |  4- 6 || total
-------------------------+-------+-------++-------
Melee: Unarmed           |    96 |    24 ||   120
       Tentacles         |    13 |     5 ||    18
       Constrict         |    20 |     8 ||    28
       Kick              |    11 |     8 ||    19
       Punch             |     2 |       ||     2
 Cast: Sticks to Snakes  |     5 |     4 ||     9
  Use: Scroll            |     6 |     1 ||     7
       Potion            |     2 |       ||     2
 Stab: Sleeping          |     3 |     2 ||     5
  Eat: Meat ration       |     1 |       ||     1
       Chunk             |     1 |       ||     1
Armor: Skin              |     9 |     1 ||    10
Dodge: Dodged            |    62 |    22 ||    84
